 Dungeon Crawl Stone Soup version 0.21.1-1-g345015f (webtiles) character file.

149 letownia2 the Charmwright (level 5, -1/39 HPs)
             Began as a Merfolk Skald on Mar 14, 2018.
             Killed from afar by TheNamelessOne's ghost (9 damage)
             ... with a flame tongue
             ... on level 4 of the Dungeon.
             The game lasted 00:06:16 (1399 turns).

letownia2 the Charmwright (Merfolk Skald)           Turns: 1399, Time: 00:06:16

Health: -1/39      AC:  3    Str: 11    XL:     5   Next: 31%
Magic:  3/8        EV: 12    Int: 14    God:
Gold:   62         SH:  0    Dex: 13    Spells: 2/8 levels left

rFire    . . .     SeeInvis .   a - +0 spear
rCold    . . .     Gourm    .   (no shield)
rNeg     . . .     Faith    .   b - +0 leather armour
rPois    .         Spirit   .   (no helmet)
rElec    .         Reflect  .   (no cloak)
rCorr    .         Harm     .   (no gloves)
MR       .....                  (no boots)
Stlth    +.........             (no amulet)
HPRegen  0.13/turn              (no ring)
MPRegen  0.11/turn              (no ring)

@: no status effects
A: change form in water, swift swim, stealthy swim
a: no special abilities


You were on level 4 of the Dungeon.
You were not hungry.

You visited 1 branch of the dungeon, and saw 5 of its levels.

You collected 62 gold pieces.

Inventory:

Hand Weapons
 a - a +0 spear (weapon)
 m - a +0 blowgun
 q - a +0 hunting sling
Missiles
 n - 3 poisoned needles
Armour
 b - a +0 leather armour (worn)
Scrolls
 f - 3 scrolls of magic mapping {unknown}
 h - 2 scrolls of remove curse {unknown}
 k - a scroll of noise {unknown}
 l - a scroll of identify {unknown}
 p - a scroll of fog {unknown}
 r - a scroll of enchant weapon {unknown}
Potions
 e - a potion of curing {unknown}
 g - a potion of mutation {unknown}
 i - 3 potions of lignification {unknown}
 j - 2 potions of magic {unknown}
Books
 c - a book of Battle

   Spells                             Type                      Level
   a - Infusion                       Charms                       1
   b - Shroud of Golubria             Charms/Translocation         2
   c - Song of Slaying                Charms                       2
   d - Spectral Weapon                Hexes/Charms                 3
   e - Regeneration                   Charms/Necromancy            3
Comestibles
 d - a ration
 o - 2 chunks of flesh


   Skills:
 + Level 2.6 Fighting
 + Level 3.6 Polearms
 - Level 0.6 Armour
 - Level 2.6 Dodging
 - Level 2.0 Spellcasting
 - Level 1.4 Hexes
 - Level 5.3 Charms
 - Level 1.0 Translocations


You had 2 spell levels left.
You knew the following spells:

 Your Spells              Type           Power        Failure   Level  Hunger
a - Infusion              Chrm           ###.         3%          1    ##.....
t - Shroud of Golubria    Chrm/Tloc      ##........   13%         2    ###....
x - Spectral Weapon       Hex/Chrm       ##......     24%         3    ####...


Dungeon Overview and Level Annotations

Branches:
Dungeon (5/15)
 Temple: D:4-7

Altars:

Annotations:
D:3 Natasha
D:4 TheNamelessOne's ghost, novice DsFE


Message History

Your magical infusion is running out.
TheNamelessOne's ghost hits you.
There is an open door here.
TheNamelessOne's ghost points at you and mumbles some strange words.
The flame tongue misses you.
TheNamelessOne's ghost says, "Don't worry, you'll be warm in a moment."
You are no longer magically infusing your attacks.
TheNamelessOne's ghost whispers, "The ORB doesn't exist."
You open the door.
TheNamelessOne's ghost points at you and mumbles some strange words.
The flame tongue hits you!
* * * LOW HITPOINT WARNING * * *
Found a scroll labeled NIB ASITYNUESSOW and a short sword.
There is an open door here.
A quokka comes into view.
Found 22 stones.
TheNamelessOne's ghost says, "Would you like to be cremated?"
TheNamelessOne's ghost casts a spell at you.
The flame tongue hits you!
You die...

......+ .. #....#.........
......# .....#....'.........
......# .....#....#.........
#..##.# .....######.........
#..##.###....................
........+...................#
........#....%...W..........#
........#.................).#
........#.......@(r.........#
#'#######...................#
...............###########...
.......<.......# ..
...............#
...............#
...............#
.........#'#####
....######....#######


You could see TheNamelessOne's ghost and a quokka.

Vanquished Creatures
  A hound (D:4)
  A worker ant (D:4)
  5 adders
  2 dart slugs
  2 leopard geckos
  2 ball pythons (D:2)
  6 bats
  4 giant cockroaches
  4 goblins
  2 hobgoblins (D:2)
  A quokka (D:2)
  5 frilled lizards
  6 kobolds
  5 rats
46 creatures vanquished.

Notes
Turn   | Place    | Note
-------+----------+-------------------------------------------
     0 | D:1      | letownia2 the Merfolk Skald began the quest for the Orb.
     0 | D:1      | Reached XP level 1. HP: 16/16 MP: 3/3
   170 | D:1      | Reached XP level 2. HP: 22/22 MP: 5/5
   223 | D:1      | Reached skill level 4 in Charms
   295 | D:1      | Learned a level 2 spell: Shroud of Golubria
   379 | D:1      | Reached XP level 3. HP: 16/27 MP: 0/6
   389 | D:1      | Reached skill level 1 in Translocations
   439 | D:1      | Learned a level 3 spell: Spectral Weapon
   684 | D:2      | Reached skill level 1 in Hexes
   736 | D:2      | Reached XP level 4. HP: 4/33 MP: 0/7
   830 | D:3      | Noticed Natasha
  1172 | D:4      | Reached skill level 5 in Charms
  1311 | D:5      | Entered Level 5 of the Dungeon
  1332 | D:4      | Reached XP level 5. HP: 23/39 MP: 1/8
  1377 | D:4      | Noticed TheNamelessOne's ghost (novice DsFE)
  1399 | D:4      | Killed from afar by TheNamelessOne's ghost

Skill      XL: |  1  2  3  4 |
---------------+-------------+-----
Charms         | 4 5 |  5.3
Translocations | 1 |  1.0
Hexes          | 1 |  1.4
Fighting       | |  2.6
Polearms       | |  3.6
Armour         | |  0.6
Dodging        | |  2.6
Spellcasting   | |  2.0

Action                   |  1- 3 |  4- 6 || total
-------------------------+-------+-------++-------
Melee: Spear             |   124 |    56 ||   180
 Cast: Infusion          |    14 |     4 ||    18
       Shroud of Golubri |       |     8 ||     8
       Spectral Weapon   |       |     2 ||     2
  Eat: Chunk             |       |     3 ||     3
Armor: Leather armour    |    26 |     9 ||    35
Dodge: Dodged            |    65 |    38 ||   103
